 Dungeon Crawl Stone Soup version 0.31.0-32-g396128a36d (webtiles) character file.

Game seed: 11164554498508795647

60778 Zeor the Stickfighter (level 15, -13/151 HPs)
             Began as a Tengu Gladiator on Apr 21, 2024.
             Was the Champion of Wu Jian.
             Mangled by a reaper
             ... wielding a +3 scythe of protection
              (34 damage)
             ... in a Gauntlet.
             The game lasted 01:21:12 (14218 turns).

Zeor the Stickfighter (Tengu Gladiator)            Turns: 14218, Time: 01:21:13

Health: -13/151    AC: 13    Str: 17    XL:     15   Next: 0%
Magic:  17/17      EV: 23    Int:  9    God:    Wu Jian [******]
Gold:   2528       SH:  5    Dex: 23    Spells: 14/14 levels left

rFire   + . .        a - +8 lajatang "Mitixt" {flame, Str+3}
rCold   + . .        (shield currently unavailable)
rNeg    . . .        E - +3 ring mail {Will+}
rPois   +            J - +1 hat {Will+}
rElec   .            A - scarf of the Blind Marksman {rC+ rF+, Will+}
rCorr   .            I - +1 pair of gloves
SInv    +            (boots unavailable)
Will    ++++.        g - amulet of reflection Stlth
                     K - ring of see invisible
HPRegen 1.25/turn    h - ring of poison resistance
MPRegen 0.15/turn

%: no teleportation, reflection, acrobat
@: berserking, flying, studying Stealth, very quick
A: beak, talons 3, evasive flight, acrobatic, high MP 1, regeneration 1
a: Renounce Religion, Wall Jump, Serpent's Lash, Heavenly Storm


You were in a Gauntlet.
You worshipped Wu Jian.
Wu Jian was exalted by your worship.
You visited 4 branches of the dungeon, and saw 18 of its levels.
You also visited: Bailey and Gauntlet.

You collected 2528 gold pieces.

Inventory:

Hand Weapons
 a - the +8 lajatang "Mitixt" (weapon) {flame, Str+3}
   (You acquired it in a bailey)

   Str+3:     It affects your strength (+3).
Missiles
 d - 4 throwing nets
 n - 5 atropa-tipped darts
 t - 31 boomerangs
 w - 3 silver javelins
 L - 5 curare-tipped darts
Armour
 e - a +0 hat of see invisible
 A - the scarf of the Blind Marksman (worn) {rC+ rF+, Will+}
   (You found it on level 5 of the Dungeon)

   Will+:     It increases your willpower.
 E - a +3 ring mail of willpower (worn)
 I - a +1 pair of gloves (worn)
 J - a +1 hat of willpower (worn)
Magical Staves
 O - a staff of alchemy
Jewellery
 c - an amulet of magic regeneration
 g - an amulet of reflection (around neck)
 h - a ring of poison resistance (right hand)
 m - a ring of fire
 z - a ring of fire
 K - a ring of see invisible (left hand)
 M - the ring of Ivyi {Ice rN+ Dex+3}
   (You found it on level 9 of the Dungeon)

   [ring of ice]

   Ice:       It enhances your ice magic.
   Dex+3:     It affects your dexterity (+3).
   rF-:       It makes you vulnerable to fire.
   rC+:       It protects you from cold.
   rN+:       It protects you from negative energy.
 Y - a ring of ice
Wands
 f - a wand of roots (16)
 i - a wand of flame (84) (quivered)
 o - a wand of paralysis (9)
 s - a wand of quicksilver (18)
 D - a wand of mindburst (36)
 T - a wand of digging (4)
Scrolls
 j - a scroll of vulnerability
 l - 6 scrolls of teleportation
 p - 3 scrolls of fear
 v - 3 scrolls of identify
 y - 2 scrolls of immolation
 B - a scroll of brand weapon
 C - 4 scrolls of blinking
 U - 2 scrolls of revelation
 W - a scroll of butterflies
Potions
 b - 3 potions of mutation
 r - a potion of might
 u - 4 potions of curing
 x - 5 potions of berserk rage
 F - a potion of resistance
 G - 2 potions of invisibility
 H - 3 potions of haste
 N - 2 potions of heal wounds
 V - 3 potions of enlightenment
 X - a potion of cancellation
Miscellaneous
 P - a phial of floods (inert)
 Q - a box of beasts
 R - a lightning rod (4/4)
 Z - a tin of tremorstones (2/2)


   Skills:
 * Level 14.4 Fighting
 - Level 15.0 Staves
 + Level 2.0 Throwing
 + Level 8.2 Armour
 * Level 11.5 Dodging
 + Level 12.7 Stealth
 - Level 1.0 Shields
 * Level 8.8 Evocations


You had 14 spell levels left.
You didn't know any spells.
Your spell library contained the following spells:

 Spells                   Type           Power      Damage    Failure   Level
 Apportation              Tloc           0%         N/A       56%         1
 Magic Dart               Conj           0%         1d3       56%         1
 Necrotise                Necr           0%         1d4       56%         1
 Shock                    Conj/Air       0%         1d3       56%         1
 Summon Small Mammal      Summ           0%         N/A       56%         1
 Blink                    Tloc           0%         N/A       71%         2
 Call Imp                 Summ           0%         N/A       71%         2
 Jinxbite                 Hex            0%         N/A       71%         2
 Call Canine Familiar     Summ           0%         N/A       90%         3
 Fugue of the Fallen      Necr           0%         N/A       90%         3
 Inner Flame              Hex/Fire       0%         N/A       90%         3
 Ozocubu's Armour         Ice            0%         N/A       90%         3
 Swiftness                Air            0%         N/A       90%         3
 Tukima's Dance           Hex            0%         N/A       90%         3
 Vampiric Draining        Necr           0%         2d6       90%         3
 Airstrike                Air            0%         2d(0-16)  100%        4
 Dimensional Bullseye     Hex/Tloc       0%         N/A       100%        4
 Iskenderun's Mystic Bla  Conj/Tloc      0%         2d3       100%        4
 Manifold Assault         Tloc           0%         N/A       100%        4
 Martyr's Knell           Necr/Summ      0%         N/A       100%        4
 Sticky Flame             Fire/Alch      0%         2d4       100%        4
 Summon Blazeheart Golem  Fire/Summ      0%         N/A       100%        4
 Alistair's Intoxication  Alch           0%         N/A       100%        5
 Curse of Agony           Necr           0%         N/A       100%        5
 Yara's Violent Unravell  Hex/Alch       0%         3d3       100%        5
 Sculpt Simulacrum        Ice/Alch       0%         N/A       100%        6
 Enfeeble                 Hex            0%         N/A       100%        7
 Ozocubu's Refrigeration  Ice            0%         4d7       100%        7
 Polar Vortex             Ice            0%         N/A       100%        9


Dungeon Overview and Level Annotations

Branches:
Dungeon (10/15)            Temple (1/1) D:6            Lair (5/5) D:10
 Shoals (0/4) Lair:2       Spider (0/4) Lair:3        Slime (0/5) Lair:5
    Orc (2/2) D:9             Elf (0/3) Orc:2        Bailey (visited)
Gauntlet (1/1)

Altars:
Ashenzari
Cheibriados
Dithmenos
Elyvilon
Fedhas
Gozag
Hepliaklqana
Kikubaaqudgha
Makhleb
Nemelex Xobeh
Okawaru
Qazlal
Ru
Sif Muna
Trog
Uskayaw
Vehumet
Wu Jian
Xom
Yredelemnul
Zin
The Shining One
Jiyva

Annotations:
D:5 1 runed translucent door, Fractals's ghost, novice KoBr
D:7 2 transporters Gauntlet 16 runed translucent doors, 7 transporters


Innate Abilities, Weirdness & Mutations

You have a beak for a mouth.
You have claws for feet.
Your magical flight helps you evade attacks. (EV +4)
You can magically evade attacks while moving or waiting.
You have an increased reservoir of magic. (+10% MP)
Your natural rate of healing is unusually fast.


Message History

A red film seems to cover your vision as you go berserk!
You feel yourself moving faster!
You feel mighty!
The hellwing hits you but does no damage. x2
The reaper misses you. The hellwing completely misses you. x2
You closely miss the hellwing. You claw the hellwing.
The hellwing is severely wounded.
The hellwing hits you! The hellwing completely misses you.
The reaper hits you from afar with a +3 scythe of protection!!!
* * * LOW HITPOINT WARNING * * *
You slash the hellwing! You burn the hellwing!
You kill the hellwing!
The Council accepts your kill.
You have reached level 15!
Your experience leads to an increase in your attributes!
Your base attributes are Str 14, Int 9, Dex 21.
Increase (S)trength, (I)ntelligence, or (D)exterity?
You feel agile. x2
You barely miss the hellwing.
The hellwing is lightly wounded.
The hellwing completely misses you. The hellwing misses you.
The reaper barely misses you.
You closely miss the hellwing. Your kick misses the hellwing.
Your peck misses the hellwing.
The hellwing is lightly wounded.
You barely miss the hellwing. You claw the hellwing!
The hellwing is heavily wounded.
The shadow imp completely misses you. You block the hellwing's attack.
The hellwing misses you. The reaper completely misses you.
You slice the hellwing!! You burn the hellwing!
You kill the hellwing!
The Council accepts your kill.
You lunge at the reaper.
You slash the reaper! You burn the reaper. Your kick misses the reaper.
You peck the reaper!
The reaper is heavily wounded.
You spin and attack the shadow imp.
You slice the shadow imp!! You burn the shadow imp.
You kill the shadow imp!
The Council accepts your kill.
The reaper hits you with a +3 scythe of protection!!
You die...

▒▒▒ ▒▒▒ ▒▒▒ ▒▒▒ ▒▒▒ ▒▒▒ ▒8▒
▒8▒ ▒8▒ ▒8▒ ▒8▒ ▒8▒
▒▒▒▒▒▒▒▒▒▒▒▒▒▒▒▒▒▒▒▒▒▒▒▒▒
∙∙∙∙∙∙∙∙∙∙∙∙∙∙∙∙∙∙∙∙∙∙∙≈▒
∙∙∙∙∙∙∙∙∙∙∙∙∙∙∙∙∙∙∙∙∙∙∙∙▒▒▒
▒▒▒▒▒▒▒▒∙∙∙▒▒▒▒▒▒▒▒▒▒▒∙∙▒8▒
∙∙∙∙∙∙▒▒∙8∙▒∙∙∙▒∙▒∙∙∙▒∙∙▒▒▒
∙∙∙∙^▒∙▒∙∙∙▒∙∙▒∙Q∙▒∙∙▒∙∙▒
▒^∙^▒∙∙▒▒▒▒▒∙▒▒∙2∙▒▒∙▒∙∙▒▒▒▒▒
∙▒^▒∙∙∙▒∙∙∙▒▒∙∙▒∙▒▒∙?▒∙∙▒#8≈▒
∙Ω▒∙∙∙Ω▒Ω∙Ω▒∙∙∙∙Ω∙▒∙Ω▒∙∙▒∙∙∙▒
∙▒^▒∙∙∙▒∙∙∙▒▒∙∙▒∙▒▒∙}▒∙∙▒∙8∙▒
▒∙∙∙▒∙∙▒▒▒▒▒∙▒▒∙∙∙▒▒=▒∙∙▒∙∙∙▒▒
∙∙∙∙∙▒∙▒∙∙∙▒∙∙▒∙∙∙▒∙∙▒∙∙▒∙8∙∙∙
∙∙∙∙∙∙▒▒∙∙∙▒5∙∙▒∙▒∙∙∙▒∙∙▒∙∙∙▒▒
▒▒▒▒▒▒▒▒∙∙∙▒▒▒▒▒▒▒▒▒▒▒∙∙▒∙∙∙▒


You could see a reaper.

Vanquished Creatures
  Rupert (Lair:5)
  A tentacled starspawn (Lair:2)
  2 orc warlords (Orc:1)
  An ettin (Orc:1)
  Fannar (Lair:2)
  3 hydras
  Erolcha (D:9)
  An ice dragon (Lair:5)
  2 boulder beetles (Lair:3)
  Amaemon (Lair:2)
  A skyshark (Lair:4)
  3 orc knights
  An oklob plant (Lair:2)
  4 lindwurms
  3 orc sorcerers (Orc:1)
  2 wolf spiders (Lair:5)
  Maurice (D:8)
  A guardian serpent (Lair:5)
  10 elephants
  Joseph (D:7)
  14 black mambas
  16 cane toads
  3 rime drakes
  4 torpor snails (Lair:5)
  5 komodo dragons
  An orange demon (Lair:2)
  2 hellwings (Gauntlet)
  A polar bear (Lair:3)
  Grinder (D:3)
  5 trolls (Orc:1)
  6 dream sheep (Lair:5)
  12 hornets
  4 tyrant leeches (Lair:5)
  A snapping turtle (Lair:2)
  8 blink frogs
  2 jumping spiders (Lair:3)
  A vampire (D:9)
  4 shadows (Gauntlet)
  Eustachio (D:6)
  14 wyverns
  A water elemental (Lair:2)
  A ynoxinul (Gauntlet)
  11 yaks
  3 wraiths
  A warg (Orc:1)
  5 basilisks
  A human (Lair:2)
  A steam dragon (D:8)
  4 vampire mosquitoes (D:9)
  22 water moccasins
  Edmund (D:6)
  4 redbacks
  An acid dragon (D:10)
  29 orc warriors
  A black bear (D:6)
  An ice beast (D:8)
  A sky beast (D:9)
  21 wolves
  4 ogres
  4 centaurs
  4 kobold brigands
  13 bullfrogs
  A gnoll sergeant (D:9)
  Blork the orc (D:6)
  2 scorpions
  12 wights
  6 killer bees
  4 howler monkeys
  3 electric eels
  A bombardier beetle (D:4)
  4 lava snakes
  3 iron imps (Gauntlet)
  A jelly (D:4)
  Crazy Yiuf (D:3)
  A hound (D:4)
  15 orc priests
  6 iguanas
  A sleepcap (D:8)
  31 orc wizards
  Robin (D:3)
  10 gnolls
  5 adders
  A shadow imp (Gauntlet)
  2 dart slugs
  2 ribbon worms (D:2)
  96 orcs
  11 ball pythons
  11 endoplasms
  4 giant cockroaches
  15 goblins
  8 hobgoblins
  20 kobolds
  2 quokkas
  4 bats
  5 frilled lizards
  6 rats
  A starspawn tentacle (Lair:2)
577 creatures vanquished.

Vanquished Creatures (others)
  A quokka zombie (D:4)
  2 starspawn tentacles (Lair:2)
3 creatures vanquished.

Grand Total: 580 creatures vanquished

Notes
Turn   | Place    | Note
-------+----------+-------------------------------------------
     0 | D:1      | Zeor the Tengu Gladiator began the quest for the Orb.
     0 | D:1      | Reached XP level 1. HP: 12/12 MP: 2/2
    61 | D:1      | Reached XP level 2. HP: 17/17 MP: 3/3
   305 | D:1      | Reached skill level 4 in Staves
   542 | D:2      | Reached XP level 3. HP: 20/21 MP: 4/4
   648 | D:2      | Found a broken altar of Ashenzari.
   985 | D:2      | Reached XP level 4. HP: 20/26 MP: 5/5
  1046 | D:2      | Reached skill level 5 in Staves
  1258 | D:3      | Found an ancient bone altar of Kikubaaqudgha.
  1363 | D:3      | Noticed Grinder
  1372 | D:3      | Gained mutation: You have an increased reservoir of magic.
                  | (+10% MP) [potion of mutation]
  1372 | D:3      | Gained mutation: Your natural rate of healing is unusually
                  | fast. [potion of mutation]
  1377 | D:3      | Paralysed by Grinder for 4 turns
  1383 | D:3      | Paralysed by Grinder for 4 turns
  1400 | D:3      | Paralysed by Grinder for 4 turns
  1409 | D:3      | Killed Grinder
  1410 | D:3      | Reached skill level 6 in Staves
  1410 | D:3      | Reached skill level 1 in Armour
  1410 | D:3      | Reached XP level 5. HP: 29/31 MP: 6/6
  1410 | D:3      | Reached XP level 6. HP: 34/36 MP: 7/7
  1703 | D:3      | Noticed Robin
  1714 | D:3      | Reached skill level 7 in Staves
  1727 | D:3      | Killed Robin
  1773 | D:3      | Identified the +1 dagger "Gurav" {venom, Will+}
  1927 | D:3      | Found a runed translucent door.
  1928 | D:3      | Noticed Crazy Yiuf
  1934 | D:3      | Killed Crazy Yiuf
  2182 | D:4      | Gained mutation: Your magical flight helps you evade
                  | attacks. (EV +4) [Tengu growth]
  2182 | D:4      | Reached XP level 7. HP: 39/40 MP: 8/8
  2230 | D:4      | Found a burning altar of Makhleb.
  2307 | D:4      | Found a bloodstained altar of Trog.
  2476 | D:4      | Reached skill level 8 in Staves
  2695 | D:5      | Entered Level 5 of the Dungeon
  2732 | D:5      | Identified the scarf of the Blind Marksman {rC+ rF+, Will+}
  2770 | D:5      | Reached XP level 8. HP: 46/46 MP: 9/9
  2777 | D:5      | Reached skill level 1 in Stealth
  2779 | D:5      | Reached skill level 9 in Staves
  2816 | D:5      | Found a runed translucent door.
  2817 | D:5      | Noticed Fractals's ghost (novice KoBr)
  3547 | D:6      | Noticed Blork the orc
  3554 | D:6      | Killed Blork the orc
  3579 | D:6      | Noticed Eustachio
  3589 | D:6      | Killed Eustachio
  3590 | D:6      | Reached skill level 10 in Staves
  3637 | D:6      | Noticed Edmund
  3653 | D:6      | Killed Edmund
  3668 | D:6      | Found a staircase to the Ecumenical Temple.
  3686 | Temple   | Entered the Ecumenical Temple
  3697 | Temple   | Became a worshipper of the Wu Jian Council
  3997 | D:6      | Reached XP level 9. HP: 52/52 MP: 10/10
  4319 | D:7      | Found a transporter.
  4340 | D:7      | Found a transporter.
  4424 | D:7      | Reached skill level 11 in Staves
  4834 | D:7      | Noticed Joseph
  4838 | D:7      | Killed Joseph
  4839 | D:7      | Reached skill level 5 in Dodging
  5052 | D:8      | Noticed a hornet
  5065 | D:8      | Killed a hornet
  5187 | D:8      | Reached * piety under Wu Jian
  5188 | D:8      | Reached skill level 12 in Staves
  5246 | D:8      | Noticed Maurice
  5263 | D:8      | Killed Maurice
  5297 | D:8      | Reached XP level 10. HP: 58/58 MP: 12/12
  5630 | D:9      | Found an iron altar of Okawaru.
  5631 | D:9      | Noticed Erolcha
  5642 | D:9      | Reached skill level 5 in Stealth
  5646 | D:9      | Reached skill level 1 in Evocations
  5678 | D:9      | Identified the ring of Ivyi {Ice rN+ Dex+3}
  5686 | D:9      | Identified the ring "Yrue" {Fly MP+9}
  5743 | D:9      | Killed Erolcha
  5744 | D:9      | Reached skill level 5 in Fighting
  5744 | D:9      | Reached skill level 13 in Staves
  5762 | D:9      | Found a glowing golden altar of the Shining One.
  5861 | D:9      | Found a staircase to the Orcish Mines.
  5891 | D:9      | Reached ** piety under Wu Jian
  5930 | D:9      | Reached skill level 5 in Armour
  5995 | D:9      | Found a glowing silver altar of Zin.
  6010 | D:9      | Reached XP level 11. HP: 38/64 MP: 13/13
  6017 | D:9      | Reached skill level 14 in Staves
  6042 | D:9      | Found a broken altar of Ashenzari.
  6045 | D:9      | Found a shimmering altar of Xom.
  6045 | D:9      | Found a radiant altar of Vehumet.
  6209 | D:6      | Found a sacrificial altar of Ru.
  6876 | D:9      | Found a shadowy altar of Dithmenos.
  6886 | D:9      | Found a glowing silver altar of Zin.
  6932 | D:10     | Entered Level 10 of the Dungeon
  6953 | D:10     | Found a staircase to the Lair.
  7080 | D:10     | Found a flagged portal.
  7089 | D:10     | Reached *** piety under Wu Jian
  7102 | Bailey   | Entered a bailey
  7394 | Bailey   | Noticed an orc knight
  7411 | Bailey   | Killed an orc knight
  7432 | Bailey   | Acquired the +8 lajatang "Mitixt" {flame, Str+3}
  8009 | Lair:1   | Entered Level 1 of the Lair of Beasts
  8041 | Lair:1   | Reached **** piety under Wu Jian
  8647 | Lair:2   | Found a staircase to the Shoals.
  8677 | Lair:2   | Noticed Amaemon
  8682 | Lair:2   | Killed Amaemon
  8683 | Lair:2   | Reached XP level 12. HP: 72/72 MP: 14/14
  8812 | Lair:2   | Reached skill level 15 in Staves
  8812 | Lair:2   | Reached skill level 5 in Evocations
  9055 | Lair:2   | Noticed Fannar
  9063 | Lair:2   | Killed Fannar
  9217 | Lair:2   | Found a runed translucent door.
  9224 | Lair:2   | Noticed a tentacled starspawn
  9234 | Lair:2   | Killed a tentacled starspawn
  9691 | Lair:3   | Found a hole to the Spider Nest.
  9868 | Lair:3   | Found a runed translucent door.
  9871 | Lair:3   | Found the +8 whip "Snakebite" {venom, curare, rPois}
  9890 | Lair:3   | Identified the -2 hat "Voducaj" {Dex+3}
  9903 | Lair:3   | Found a runed translucent gate.
  9903 | Lair:3   | Found a runed translucent gate.
  9903 | Lair:3   | Found a runed translucent gate.
  9903 | Lair:3   | Found a runed translucent gate.
  9903 | Lair:3   | Found a runed translucent gate.
  9904 | Lair:3   | Found a runed translucent gate.
  9904 | Lair:3   | Noticed a boulder beetle
  9905 | Lair:3   | Noticed a boulder beetle
  9922 | Lair:3   | Killed a boulder beetle
  9923 | Lair:3   | Reached skill level 10 in Fighting
  9926 | Lair:3   | Killed a boulder beetle
  9967 | Lair:3   | Reached skill level 10 in Stealth
  9967 | Lair:3   | Reached XP level 13. HP: 17/83 MP: 15/15
  9967 | Lair:3   | HP: 2/83 [lava snake/glob of lava (16)]
 10237 | Lair:3   | You are sucked into a shaft and drop 1 floor!
 10763 | Lair:4   | Reached ***** piety under Wu Jian
 11125 | Lair:4   | Reached skill level 10 in Dodging
 11125 | Lair:4   | Reached skill level 1 in Shields
 11484 | Lair:5   | Entered Level 5 of the Lair of Beasts
 11484 | Lair:5   | Noticed Rupert
 11489 | Lair:5   | Killed Rupert
 11715 | Lair:5   | Reached XP level 14. HP: 61/92 MP: 16/16
 12254 | Lair:5   | Found a staircase to the Slime Pits.
 12255 | Lair:5   | Found a viscous altar of Jiyva.
 12542 | Lair:5   | Reached ****** piety under Wu Jian
 12728 | Lair:5   | Identified the scarf of the True Pharaoh {rC+ rF+, Str+3}
 12959 | Orc:1    | Entered Level 1 of the Orcish Mines
 13273 | Orc:1    | Noticed an orc warlord
 13296 | Orc:1    | Killed an orc warlord
 13328 | Orc:1    | Noticed an orc warlord
 13336 | Orc:1    | Killed an orc warlord
 13492 | Orc:1    | Identified the +1 broad axe "Spiderslayer" {holy, rCorr
                  | Stlth+}
 13541 | Orc:1    | Got the Papyrus of Calorific Alteration
 13659 | Orc:1    | Identified the +2 plate armour of the Salmon {rN+ Str+3}
 13878 | Orc:2    | Entered Level 2 of the Orcish Mines
 13896 | Orc:2    | Found a gate leading to a gauntlet.
 13911 | Gauntlet | Entered a Gauntlet
 13911 | Gauntlet | Found a large runed translucent door.
 13911 | Gauntlet | Found a large runed translucent door.
 13911 | Gauntlet | Found a large runed translucent door.
 13911 | Gauntlet | Found a large runed translucent door.
 13911 | Gauntlet | Found a large runed translucent door.
 13911 | Gauntlet | Found a large runed translucent door.
 13911 | Gauntlet | Found a large runed translucent door.
 13911 | Gauntlet | Found a large runed translucent door.
 13911 | Gauntlet | Found a runed translucent door.
 13911 | Gauntlet | Found a runed translucent gate.
 13911 | Gauntlet | Found a transporter.
 13911 | Gauntlet | Found a transporter.
 13911 | Gauntlet | Found a runed translucent gate.
 13911 | Gauntlet | Found a transporter.
 13915 | Gauntlet | Found a transporter.
 13915 | Gauntlet | Found a transporter.
 13916 | Gauntlet | Found a runed translucent gate.
 13916 | Gauntlet | Found a runed translucent door.
 13925 | Gauntlet | Found a transporter.
 13929 | Gauntlet | Found a transporter.
 13937 | Gauntlet | Noticed a quicksilver ooze
 13944 | Gauntlet | Found a transporter.
 13945 | Gauntlet | Noticed a reaper
 13984 | Gauntlet | Found a large runed translucent door.
 13984 | Gauntlet | Found a large runed translucent door.
 13989 | Gauntlet | Found a large runed translucent door.
 13990 | Gauntlet | Found a large runed translucent door.
 13991 | Gauntlet | Found a large runed translucent door.
 13991 | Gauntlet | Found a large runed translucent door.
 13992 | Gauntlet | Found a large runed translucent door.
 13993 | Gauntlet | Found a large runed translucent door.
 14029 | Gauntlet | Found a transporter.
 14047 | Gauntlet | Found a transporter.
 14049 | Gauntlet | Found a transporter.
 14067 | Gauntlet | Found a transporter.
 14214 | Gauntlet | Reached XP level 15. HP: 18/101 MP: 17/17
 14218 | Gauntlet | Mangled by a reaper

Illustrated notes

Levels and vault maps discovered:
D:1:      orjb1_lava_funnel, layout_basic
D:2:      layout_basic, basic_altar, minmay_close_crescents
D:3:      layout_basic, kiku_gazebo_garden_becter, nrook_loot_triangle,
          uniq_robin, uniq_crazy_yiuf_cottage, uniq_grinder
D:4:      layout_cave_pools, trog_three_pillars_becter,
          makhleb_heckhound_becter, minmay_manual_mares
D:5:      layout_basic, ebering_ghost_inner_flame
D:6:      layout_basic, nicolae_ru_awakened_eye, minmay_temple_entry_ruins,
          uniq_edmund, uniq_blork_the_orc, uniq_eustachio
D:7:      gammafunk_steamed_eel, layout_loops_cross, minivault_24,
          kennysheep_minor_cross, hangedman_abyss_or_decor_slice,
          minmay_statues_item, uniq_joseph
D:8:      layout_basic, uniq_maurice
D:9:      minmay_the_grid_octo_tiled_squarecenter [minmay_the_grid_octo_focus,
          minmay_the_grid_octo_fan_narrow, minmay_the_grid_octo_shrine,
          minmay_the_grid_octo_toaster,
          minmay_the_grid_square_5x5_megaprize_hollow,
          minmay_the_grid_square_5x5_eight,
          minmay_the_grid_square_5x5_checkered, minmay_the_grid_square_5x5_bite,
          minmay_the_grid_square_5x5_inner_i], layout_cave_pools,
          nicolae_tso_carved_into_rock, mainiacjoe_overflow_tiny_flanked,
          amethyst_overflow_temple_binary, amcnicky_mini_rare_corridor_liquid,
          uniq_erolcha
D:10:     layout_long_grid, lair_entry_dummy, enter_bailey_5, eino_curves_01
Temple:   nicolae_temple_superstar
Lair:1:   layout_chaotic_city, st_stairs_10, grunt_megastairs_1,
          lemuel_fruit_fields, infiniplex_staircase_pool_2
Lair:2:   layout_cellular_growth, minmay_shoals_entry_hut,
          minmay_lair_oklob_bushes, pdpol_lair_cabin_in_the_woods, uniq_fannar,
          uniq_amaemon
Lair:3:   gammafunk_indiana_jones, layout_gridlike, spider_nest_entry_a
Lair:4:   layout_gridlike
Lair:5:   hangedman_lair_tendril_chambers, layout_big_grid, wormcave,
          slime_entry_1, enter_volcano_4, uniq_rupert
Orc:1:    layout_caves, minmay_orc_treasury
Orc:2:    pf_orc_diabolical, layout_caves, gauntlet_entry_generic
Gauntlet: gammafunk_gauntlet_hard_choice
          [minmay_gauntlet_arena_make_your_own_arena,
          nicolae_gauntlet_arena_grate_2, nicolae_gauntlet_arena_x,
          nicolae_gauntlet_arena_blocks, gammafunk_gauntlet_arena_chambers,
          gammafunk_gauntlet_arena_split_x, gauntlet_exit_watery]

Skill      XL: |  1  2  3  4  5  6  7  8  9 10 11 12 13 14 |
---------------+-------------------------------------------+-----
Staves         | 4 6 7 8 10 12 13 14 15 | 15.0
Armour         | 1 3 4 5 6 7 8 |  8.2
Dodging        | 4 5 6 7 9 10 11 | 11.5
Fighting       | 3 4 5 7 10 12 14 | 14.4
Stealth        | 2 4 6 7 10 11 12 | 12.7
Evocations     | 3 4 6 7 8 |  8.8
Shields        | 1 |  1.0
Throwing       | |  2.0

Action                     |  1- 3 |  4- 6 |  7- 9 | 10-12 | 13-15 || total
---------------------------+-------+-------+-------+-------+-------++-------
  Melee: Quarterstaff      |    78 |    98 |   215 |   337 |       ||   728
         Kick              |    21 |    20 |    66 |   184 |   154 ||   445
         Peck              |    12 |     8 |    42 |   113 |    97 ||   272
         Lajatang          |       |       |       |   206 |   604 ||   810
  Throw: Boomerang         |       |       |     2 |       |       ||     2
 Invoke: Heavenly Storm    |       |       |       |       |     1 ||     1
Ability: Lunge             |       |       |    15 |    66 |    71 ||   152
         Whirlwind         |       |       |       |    63 |   141 ||   204
         Wall Jump         |       |       |       |    18 |    16 ||    34
  Evoke: Wand              |       |       |     1 |     2 |     1 ||     4
         Phial of floods   |       |       |       |       |     1 ||     1
    Use: Scroll            |     4 |     4 |     5 |    11 |     5 ||    29
         Potion            |       |     4 |       |     1 |     4 ||     9
   Stab: Sleeping          |     1 |       |     3 |    17 |    11 ||    32
         Paralysed         |       |       |     2 |     1 |       ||     3
         Petrifying        |       |       |     2 |     3 |       ||     5
         Confused          |       |       |     1 |     3 |       ||     4
         Distracted        |       |       |     1 |     1 |     4 ||     6
 Armour: Leather armour    |    13 |       |       |       |       ||    13
         Acid dragon scale |     8 |    33 |    30 |       |       ||    71
         Skin              |       |    10 |       |       |       ||    10
         Ring mail         |       |       |    33 |   138 |   137 ||   308
  Dodge: Dodged            |    46 |    38 |   139 |   281 |   390 ||   894
  Block: Other             |       |       |       |       |    78 ||    78
